 Dungeon Crawl Stone Soup version 0.22.0-38-g04b72b8 (webtiles) character file.

337 Loudmushroom the Covered (level 6, -15/39 HPs)
             Began as a Gargoyle Fighter on Aug 25, 2018.
             Was a Follower of Makhleb.
             Demolished by an ogre
             ... wielding a +0 giant club
              (27 damage)
             ... on level 4 of the Dungeon.
             The game lasted 00:11:44 (3275 turns).

Loudmushroom the Covered (Gargoyle Fighter)         Turns: 3275, Time: 00:11:45

Health: -15/39     AC: 11    Str: 20    XL:     6   Next: 54%
Magic:  6/6        EV:  7    Int:  8    God:    Makhleb [*.....]
Gold:   192        SH:  9    Dex: 11    Spells: 5/5 levels left

rFire    . . .     SeeInvis .   a - +0 war axe
rCold    . . .     Gourm    .   c - +0 shield
rNeg     + . .     Faith    .   b - +0 scale mail
rPois    ∞         Spirit   .   (no helmet)
rElec    +         Reflect  .   (no cloak)
rCorr    .         Harm     .   (no gloves)
MR       .....                  (no boots)
Stlth    ..........             (no amulet)
HPRegen  0.13/turn              (no ring)
MPRegen  0.10/turn              (no ring)

@: no status effects
A: negative energy resistance 1, electricity resistance, unbreathing,
petrification resistance, rot immunity, AC +4
a: Renounce Religion


You were on level 4 of the Dungeon.
You worshipped Makhleb.
Makhleb was aware of your devotion.
You were not hungry.

You visited 1 branch of the dungeon, and saw 4 of its levels.

You collected 192 gold pieces.

Inventory:

Hand Weapons
 a - a +0 war axe (weapon)
 y - a +0 morningstar
Missiles
 h - 23 sling bullets
 i - 63 stones
 l - 47 bolts
 v - 5 tomahawks (quivered)
Armour
 b - a +0 scale mail (worn)
 c - a +0 shield (worn)
Jewellery
 w - an uncursed ring of positive energy {unknown}
Scrolls
 e - 2 scrolls of teleportation {unknown}
 k - 4 scrolls of identify {unknown}
 m - a scroll of random uselessness {unknown}
 n - a scroll of remove curse {unknown}
 o - a scroll of fear {unknown}
 p - a scroll of fog {unknown}
 s - a scroll of enchant armour {unknown}
 x - 2 scrolls of enchant weapon {unknown}
Potions
 d - a potion of might
 g - 2 potions of brilliance {unknown}
 j - 5 potions of curing {unknown}
 q - 3 potions of heal wounds {unknown}
 r - a potion of flight {unknown}
 z - a potion of cancellation {unknown}
Comestibles
 f - 8 rations


   Skills:
 + Level 4.5 Fighting
 * Level 4.1 Axes
 + Level 4.5 Armour
 + Level 4.5 Shields


You had 5 spell levels left.
You didn't know any spells.
Your spell library contained the following spells:

 Spells                   Type           Power        Failure   Level  Hunger
 Corona                   Hex            #......      99%         1    ##.....
 Ensorcelled Hibernation  Hex/Ice        #.....       100%        2    ###....
 Confuse                  Hex            #.......     100%        3    ####...
 Dazzling Spray           Conj/Hex       #.....       100%        3    ####...
 Tukima's Dance           Hex            #.......     100%        3    ####...


Dungeon Overview and Level Annotations

Branches:
Dungeon (4/15)
 Temple: D:4-7

Altars:
Dithmenos
Fedhas
Makhleb
Okawaru
Uskayaw


Innate Abilities, Weirdness & Mutations

You are resistant to torment.
Your stone body is resilient. (AC +4)
You are immune to poison.
You resist negative energy. (rN+)
You are resistant to electric shocks. (rElec)
You can survive without breathing.
You are immune to petrification.
You are immune to rotting.


Message History

You slash the howler monkey!
You kill the howler monkey!
Makhleb accepts your kill.
A jelly comes into view.
You slash the orc!
You kill the orc!
Makhleb accepts your kill.
You hit the ogre but do no damage. The ogre hits you with a giant club!
Things that are here:
a dagger; a leather armour; an orc corpse
Found 8 gold pieces.
You barely miss the ogre.
The jelly jiggles.
The ogre hits you with a giant club!!
Ouch! That really hurt!
You hit the ogre.
The ogre is lightly wounded.
The ogre hits you with a giant club!!
Ouch! That really hurt!
You die...

.. .. .# .# .#
########.#
.........##.##.
.......@.......
....####O##....$ ...
#J# .## .# #.# #)##
##.## #.# ##..# ....##
+#.#+ ##...#
#....###...###....#
#........8........#
#....###...###........


You could see an ogre and a jelly.

Vanquished Creatures
  A howler monkey (D:4)
  3 orc wizards (D:3)
  9 adders
  An ooze (D:1)
  4 worms
  3 dart slugs
  3 leopard geckos
  16 orcs
  2 giant cockroaches (D:2)
  10 goblins
  7 hobgoblins
  10 jackals
  6 kobolds
  2 quokkas
  A ball python (D:2)
  8 bats
  4 frilled lizards
  4 rats
94 creatures vanquished.

Notes
Turn   | Place    | Note
-------+----------+-------------------------------------------
     0 | D:1      | Loudmushroom the Gargoyle Fighter began the quest for the Orb.
     0 | D:1      | Reached XP level 1. HP: 14/14 MP: 1/1
   136 | D:1      | Reached XP level 2. HP: 19/19 MP: 2/2
   478 | D:1      | Reached XP level 3. HP: 23/23 MP: 3/3
   957 | D:2      | Found a burning altar of Makhleb.
   980 | D:2      | Found a blossoming altar of Fedhas.
   994 | D:2      | Became a worshipper of Makhleb the Destroyer
  1180 | D:2      | Reached XP level 4. HP: 29/29 MP: 4/4
  1814 | D:2      | Found a hide-covered altar of Uskayaw.
  1865 | D:2      | Reached XP level 5. HP: 33/33 MP: 5/5
  2166 | D:3      | Reached * piety under Makhleb
  2296 | D:3      | Found a shadowy altar of Dithmenos.
  2501 | D:3      | Reached XP level 6. HP: 38/39 MP: 6/6
  3004 | D:3      | Found an iron altar of Okawaru.
  3275 | D:4      | Demolished by an ogre

Skill      XL: |  1  2  3  4  5  6 |
---------------+-------------------+-----
Axes           | 2 3 4 |  4.1
Armour         | 4 |  4.5
Fighting       | 4 |  4.5
Shields        | 4 |  4.5

Action                   |  1- 3 |  4- 6 || total
-------------------------+-------+-------++-------
Melee: War axe           |   118 |   234 ||   352
  Eat: Chunk             |     1 |     7 ||     8
Armor: Scale mail        |   105 |   129 ||   234
Dodge: Dodged            |    54 |    74 ||   128
Block: Shield            |   101 |   143 ||   244
